 Dungeon Crawl Stone Soup version 0.22-a0-533-g4d20840 (webtiles) character file.

54 iamserjio the Insei (level 3, 0/19 HPs)
             Began as a Vine Stalker Skald on June 22, 2018.
             Slain by Grinder (7 damage)
             ... on level 3 of the Dungeon.
             The game lasted 00:04:56 (431 turns).

iamserjio the Insei (Vine Stalker Skald)             Turns: 431, Time: 00:04:56

Health: 0/19       AC:  7    Str: 13    XL:     3   Next: 91%
Magic:  0/7        EV:  9    Int: 19    God:
Gold:   63         SH:  0    Dex: 13    Spells: 0/6 levels left

rFire    . . .     SeeInvis .   f - +0 hand axe (curse)
rCold    . . .     Gourm    .   (no shield)
rNeg     . . .     Faith    .   n - +0 scale mail
rPois    .         Spirit   +   g - +0 helmet
rElec    .         Reflect  .   (no cloak)
rCorr    .         Harm     .   (no gloves)
MR       .....                  (no boots)
Stlth    ..........             (no amulet)
HPRegen  1.06/turn              (no ring)
MPRegen  0.10/turn              (no ring)

@: brilliant, regenerating
A: fangs 2, magic shield, antimagic bite, no potion heal 3, rot immunity
a: no special abilities


You were on level 3 of the Dungeon.
You were not hungry.

You visited 1 branch of the dungeon, and saw 3 of its levels.

You collected 63 gold pieces.

Inventory:

Hand Weapons
 f - a cursed +0 hand axe (weapon)
Missiles
 d - 7 needles of paralysis {!f}
 p - 4 tomahawks (quivered)
Armour
 a - a +0 leather armour
 g - a +0 helmet (worn)
 i - a +0 ring mail
 n - a +0 scale mail (worn)
Scrolls
 e - 2 scrolls of amnesia
 h - a scroll of fear {unknown}
 k - a scroll of magic mapping {unknown}
 m - a scroll of noise {unknown}
 o - a scroll of remove curse {unknown}
Potions
 l - a potion of degeneration
Comestibles
 c - 4 rations


   Skills:
 + Level 2.5 Fighting
 - Level 0.7 Armour
 - Level 1.5 Dodging
 * Level 3.5 Unarmed Combat
 - Level 2.1 Spellcasting
 - Level 3.0 Charms


You couldn't memorise any spells.
You knew the following spells:

 Your Spells              Type           Power        Failure   Level  Hunger
a - Infusion              Chrm           ###.         3%          1    #......
b - Regeneration          Chrm/Necr      ###.......   14%         3    ###....
c - Song of Slaying       Chrm           ###.....     4%          2    ##.....

Your spell library contained the following spells:

 Spells                   Type           Power        Failure   Level  Hunger
 Shroud of Golubria       Chrm/Tloc      ###.......   8%          2    ##.....
 Spectral Weapon          Hex/Chrm       ###.....     14%         3    ###....


Dungeon Overview and Level Annotations

Branches:
Dungeon (3/15)

Altars:
Nemelex Xobeh

Annotations:
D:3 Grinder


Innate Abilities, Weirdness & Mutations

You have extremely sharp teeth.
When hurt, damage is shared between your health and your magic reserves.
Your bite disrupts and absorbs the magic of your enemies.
Potions cannot restore your health.
You are immune to rotting.


Message History

You aren't carrying any items that you can evoke.
Unknown command.
You feel clever all of a sudden. Grinder barely misses you.
Casting: Infusion (safe; 3% risk of failure)
Confirm with . or Enter, or press ? or * to list all spells.
Okay, then.
Casting: Infusion (safe; 3% risk of failure)
Confirm with . or Enter, or press ? or * to list all spells.
Your skin crawls.
Grinder hits you.
* * * LOW HITPOINT WARNING * * *
Your scale mail prevents you from hitting Grinder.
Your bite misses Grinder. Grinder closely misses you.
Your scale mail prevents you from hitting Grinder.
Grinder hits you but does no damage.
You hit Grinder. Your bite misses Grinder.
Grinder is lightly wounded.
Grinder says, "DUCK!"
Grinder hits you!
You die...

.#####
......#
#...###.###
#.5@.....#
#.#.##.##.#
#.# # ##


You could see Grinder.

Vanquished Creatures
  Robin (D:2)
  A worm (D:2)
  A leopard gecko (D:1)
  3 bats
  A giant cockroach (D:1)
  12 goblins
  4 hobgoblins
  3 jackals (D:2)
  3 frilled lizards
  5 kobolds
  3 rats
37 creatures vanquished.

Notes
Turn   | Place    | Note
-------+----------+-------------------------------------------
     0 | D:1      | iamserjio the Vine Stalker Skald began the quest for the Orb.
     0 | D:1      | Reached XP level 1. HP: 11/11 MP: 4/4
   139 | D:1      | Reached XP level 2. HP: 4/15 MP: 0/6
   275 | D:2      | Reached XP level 3. HP: 12/18 MP: 0/7
   297 | D:2      | Noticed Robin
   311 | D:2      | Killed Robin
   325 | D:2      | Found a sparkling altar of Nemelex Xobeh.
   419 | D:2      | Learned a level 3 spell: Regeneration
   422 | D:2      | Learned a level 2 spell: Song of Slaying
   426 | D:3      | Noticed Grinder
   431 | D:3      | Slain by Grinder

Vault maps used:
D:1:      nzn_arrival_depleted_hourglass, nemelex_diamond_rough_becter
D:2:      lemuel_doored_altar, nemelex_xobeh_ov_fountains_minmay, uniq_robin
D:3:      nicolae_qazlal_general_emergency, gammafunk_temple_overflow_arena,
          minmay_misc_feat_doors, uniq_grinder

Skill      XL: |  1  2 |
---------------+-------+-----
Fighting       | 2 |  2.5
Unarmed Combat | 3 |  3.5
Armour         | |  0.7
Dodging        | |  1.5
Spellcasting   | |  2.1
Charms         | |  3.0

Action                   || total
-------------------------++-------
Melee: Hand axe          ||    95
       Bite              ||    17
       Punch             ||     2
 Cast: Infusion          ||     6
       Regeneration      ||     1
  Use: Scroll            ||     3
       Potion            ||     2
Armor: Leather armour    ||     7
       Scale mail        ||    28
Dodge: Dodged            ||    61

Table legend:
 A = Spawn XP
 B = Non-spawn XP
 C = Spawn XP percentage of total XP
 D = Spawn monster count
 E = Non-spawn monster count
 F = Spawn count percentage of total count
 G = Total turns spent on level
                    A         B        C        D         E        F      G
               +---------+---------+-------+---------+---------+-------+---------
         Total |       0 |      78 |   0.0 |       0 |      37 |   0.0 |   431
               +---------+---------+-------+---------+---------+-------+---------
           D:1 |       0 |      22 |   0.0 |       0 |      13 |   0.0 |   231
           D:2 |       0 |      56 |   0.0 |       0 |      24 |   0.0 |   195
               +---------+---------+-------+---------+---------+-------+---------
